 Dungeon Crawl Stone Soup version 0.17.0-15-g6d90897 (webtiles) character file.

39 Gravenous the Conjurer (level 3, -5/28 HPs)
             Began as a Naga Conjurer on Nov 10, 2015.
             Killed from afar by a white imp (8 damage)
             ... with a puff of frost
             ... summoned by Natasha
             ... on level 2 of the Dungeon.
             The game lasted 00:02:19 (1428 turns).

Gravenous the Conjurer (Naga Conjurer)              Turns: 1428, Time: 00:02:20

Health: -5/28      AC:  2    Str: 10    XL:     3   Next: 45%
Magic:  2/6        EV: 10    Int: 16    God:
Gold:   145        SH:  0    Dex: 11    Spells: 2 memorised, 2 levels left

rFire  . . .     SeeInvis +     j - +0 mace
rCold  . . .     Clarity  .     a - +0 robe
rNeg   . . .     SustAt   .     (no shield)
rPois  +         Gourm    .     (no helmet)
rElec  .         Spirit   .     (no cloak)
rCorr  .         Warding  .     (no gloves)
rMut   .         Stasis   .     (no barding)
MR     .....                    (no amulet)
Stlth  +++.......               (no ring)
                                (no ring)

@: short of breath, very slow, not resistant to hostile enchantments, fairly
stealthy
A: see invisible, deformed body, poison resistance, slowness 2, slow metabolism
1, spit poison 2, AC +1
a: Spit Poison


You were on level 2 of the Dungeon.
You were not hungry.

You visited 1 branch of the dungeon, and saw 2 of its levels.

You collected 145 gold pieces.

Inventory:

Hand Weapons
 j - a +0 mace (weapon)
Armour
 a - a +0 robe (worn)
Scrolls
 d - 2 scrolls of remove curse {unknown}
 e - a scroll of identify {unknown}
 f - a scroll of teleportation {unknown}
 g - a scroll of fog {unknown}
 m - a scroll of enchant weapon {unknown}
Potions
 i - a potion of cure mutation {unknown}
 l - a potion of curing {unknown}
Books
 b - a book of Conjurations

   Spells                             Type                      Level
   a - Magic Dart                     Conjuration                  1
   b - Searing Ray                    Conjuration                  2
   c - Dazzling Spray                 Conjuration/Hexes            3
   d - Fulminant Prism                Conjuration/Hexes            4
   e - Iskenderun's Mystic Blast      Conjuration                  4
   f - Iskenderun's Battlesphere      Conjuration/Charms           5
Comestibles
 c - 4 bread rations
 h - a beef jerky
 k - a chunk of flesh
 n - a meat ration


   Skills:
 - Level 1.5 Dodging
 + Level 3.8 Stealth
 + Level 2.2 Spellcasting
 * Level 4.7 Conjurations


You had 2 spell levels left.
You knew the following spells:

 Your Spells              Type           Power        Failure   Level  Hunger
a - Magic Dart            Conj           ###.         3%          1    #......
b - Dazzling Spray        Conj/Hex       #.......     28%         3    ###....


Dungeon Overview and Level Annotations

Branches:
Dungeon (2/15)

Altars:

Annotations:
D:2 Natasha


Innate Abilities, Weirdness & Mutations

You cannot wear boots.
Your serpentine skin is tough (AC +1).
You have supernaturally acute eyesight.
Armour fits poorly on your strangely shaped body.
Your system is resistant to poisons.
You cover ground very slowly.
You have a slow metabolism.
You can spit poison.


Message History

Casting: Magic Dart
Confirm with . or Enter, or press ? or * to list all spells.
Aiming: Magic Dart
Press: ? - help, Shift-Dir - straight line, f/p - Natasha
Aim: Natasha (severely wounded, poisoned)
The magic dart hits Natasha.
Natasha is severely wounded.
Casting: Magic Dart
Confirm with . or Enter, or press ? or * to list all spells.
Aiming: Magic Dart
Press: ? - help, Shift-Dir - straight line, f/p - Natasha
Aim: Natasha (severely wounded, poisoned)
The magic dart hits Natasha.
Natasha is almost dead.
Natasha stares at you and mumbles some strange words.
The magic dart hits you!
* * * LOW HITPOINT WARNING * * *
The white imp gestures at you. The puff of frost hits you!
You die...

.......##>...#.##...#
....................###
...................#####
...............###......
....................####
............).....#.#
...h.5....).###...#.#
..............#......
.......@..............
....#....(.............
.....#..................
.... #..................
#.. ............. #.
.#............ #
..##.......... ..
..........


You could see Natasha and a white imp.

Vanquished Creatures
  An adder (D:2)
  A giant cockroach (D:2)
  4 goblins (D:2)
  4 hobgoblins
  5 jackals
  4 kobolds
  3 bats
  3 giant newts
  4 rats (D:1)
29 creatures vanquished.

Notes
Turn   | Place    | Note
--------------------------------------------------------------
     0 | D:1      | Gravenous the Naga Conjurer began the quest for the Orb.
     0 | D:1      | Reached XP level 1. HP: 15/15 MP: 3/3
   464 | D:1      | Reached XP level 2. HP: 22/22 MP: 3/5
   914 | D:2      | Reached XP level 3. HP: 8/28 MP: 0/6
  1180 | D:2      | Learned a level 3 spell: Dazzling Spray
  1422 | D:2      | Noticed Natasha
  1428 | D:2      | Killed from afar by a white imp

Action                   || total
-------------------------++-------
Melee: Unarmed           ||     4
       Mace              ||    21
 Cast: Magic Dart        ||    42
 Abil: Spit Poison       ||     9
  Eat: Chunk             ||     2
